Map: Catalyst LE

Players

axu

  • Race: Protoss Protoss
  • League: Platinum
  • Spawn Location: 5:00

ChorizoCrudo - Winner!

  • Race: Zerg Zerg
  • League: Platinum
  • Spawn Location: 11:00

VOD

Have the link to the VOD?

Description

Time

  • Played on: Dec. 27, 2017, 11:47 a.m.
  • Length: 29:53
Show
View Real Time Build Order
Export as new Build Order

axu Protoss 

Build Orders:  

Get SALT Encoding   

  12  0:00  Probe  
  13  0:13  Probe  
  14  0:24  Pylon  
  14  0:25  Probe  
  15  0:31  Assimilator  
  16  0:42  Probe  
  16  0:47  Gateway  
  16  0:54  Probe (Chrono Boost)  
  18  1:05  Probe (Chrono Boost)  
  18  1:10  Probe (Chrono Boost)  
  19  1:37  Probe  
  20  1:47  Cybernetics Core  
  20  1:49  Pylon  
  20  1:51  Cybernetics Core  
  20  1:55  Zealot (Chrono Boost)  
  20  1:59  Probe  
  23  2:02  Assimilator  
  23  2:11  Probe  
  24  2:25  Gateway x2  
  24  2:35  Nexus  
  24  2:39  Adept (Chrono Boost)  
  24  2:42  Warp Gate (Chrono Boost)  
  26  2:49  Probe  
  27  3:03  Adept  
  29  3:07  Probe  
  30  3:14  Pylon  
  30  3:19  Probe  
  31  3:32  Adept x2  
  31  3:34  Pylon  
  35  3:36  Adept  
  35  3:40  Probe  
  38  3:51  Twilight Council  
  38  3:52  Probe  
  39  4:13  Probe x2  
  41  4:25  Probe x2  
  41  4:28  Robotics Facility  
  43  4:31  Charge  
  28  4:58  Adept x2  
  27  5:13  Probe x2  
  29  5:25  Probe x2  
  31  5:37  Probe x2  
  25  5:51  Probe x2  
  27  6:03  Probe x2  
  29  6:04  Adept x2  
  29  6:05  Adept  
  35  6:14  Immortal  
  35  6:15  Probe x2  
  41  6:27  Probe  
  41  6:28  Probe  
  44  6:40  Probe x2, Forge  
  44  6:46  Pylon  
  45  7:20  Adept x2  
  45  7:21  Adept  
  41  7:43  Adept x2  
  45  7:44  Adept  
  43  8:04  Adept x3  
  43  8:05  Probe x2  
  47  8:17  Probe x2  
  49  8:22  Immortal (Chrono Boost)  
  53  8:29  Probe x2, Pylon  
  53  8:31  Adept  
  53  8:32  Adept  
  59  8:34  Adept  
  61  8:41  Probe  
  60  8:52  Probe  
  61  8:57  Immortal (Chrono Boost)  
  51  9:18  Adept x2  
  51  9:19  Adept  
  49  9:30  Immortal (Chrono Boost)  
  53  9:42  Adept x3  
  53  9:44  Probe x2  
  61  9:56  Probe x2  
  61  9:58  Protoss Ground Weapons Level 1  
  63  10:07  Adept  
  63  10:08  Adept x2, Probe x2  
  71  10:20  Probe  
  56  10:46  Stalker x3  
  52  10:53  Gateway  
  52  10:54  Gateway  
  52  10:56  Gateway  
  52  10:59  Gateway, Probe x2  
  54  11:05  Assimilator  
  54  11:07  Assimilator  
  54  11:09  Immortal  
  58  11:11  Probe x2  
  60  11:27  Probe x2  
  62  11:39  Probe x2  
  64  11:40  Stalker x3  
  70  11:51  Zealot x3, Probe x2  
  78  12:11  Nexus  
  78  12:19  Pylon  
  78  12:21  Pylon  
  78  12:22  Pylon  
  78  12:24  Pylon x2  
  78  12:32  Shield Battery  
  78  12:37  Shield Battery  
  76  12:54  Immortal  
  76  12:55  Zealot x4  
  76  12:56  Zealot x2  
  76  12:58  Protoss Ground Armor Level 1 (Chrono Boost)  
  92  13:06  Pylon  
  92  13:10  Probe x2  
  94  13:19  Stalker  
  96  13:22  Probe x2  
  96  13:26  Immortal  
  98  13:27  Pylon  
  98  13:31  Pylon  
  100  13:45  Zealot x2  
  100  13:46  Zealot x2  
  74  13:57  Zealot x3  
  76  14:08  Immortal  
  76  14:09  Probe x3  
  83  14:13  Assimilator  
  83  14:17  Assimilator  
  83  14:21  Probe  
  84  14:26  Templar Archives  
  84  14:52  Protoss Ground Weapons Level 2  
  84  14:54  Nexus  
  84  14:57  Pylon, Forge  
  84  14:59  Pylon  
  84  15:01  Psionic Storm, Pylon  
  84  15:03  High Templar x3  
  84  15:04  High Templar x3  
  84  15:05  High Templar  
  98  15:07  Archon  
  98  15:08  Archon x2  
  98  15:19  Pylon  
  98  15:21  Pylon  
  98  15:25  Warp Prism  
  100  15:36  Assimilator  
  100  15:40  Shield Battery  
  100  15:42  Shield Battery  
  100  15:45  Shield Battery  
  100  15:58  High Templar x3  
  100  15:59  High Templar x3  
  100  16:00  High Templar  
  100  16:02  Archon  
  100  16:03  Archon x3  
  114  16:16  Observer  
  115  16:31  Zealot x3  
  115  16:32  Zealot x2  
  125  16:33  Zealot x2  
  111  17:22  Probe x2  
  113  17:23  Probe  
  113  17:26  Probe  
  115  17:30  Assimilator  
  115  17:34  Probe  
  115  17:35  Probe x2  
  115  17:37  Zealot x5  
  120  17:38  Zealot x2  
  120  17:39  Probe  
  133  17:46  Probe  
  120  17:58  Protoss Ground Weapons Level 3  
  120  18:00  Protoss Ground Armor Level 2  
  120  18:06  Stalker x4  
  120  18:07  Stalker x3  
  134  18:15  Stargate  
  134  18:17  Stargate  
  138  18:20  Immortal  
  138  18:22  Gateway  
  138  18:24  Gateway  
  138  18:26  Gateway  
  138  18:28  Gateway  
  138  18:29  Gateway  
  138  18:40  High Templar x6  
  138  18:41  High Templar  
  152  18:59  Observer  
  151  19:28  Warp Prism  
  153  19:36  Zealot x4  
  153  19:38  Zealot x4  
  163  19:39  Zealot x4  
  96  20:20  Zealot  
  96  20:21  Zealot x6  
  102  20:22  Zealot x2  
  112  20:36  Observer  
  113  20:47  Fleet Beacon  
  85  21:01  High Templar x2  
  85  21:02  High Templar x6  
  85  21:03  High Templar  
  88  21:05  Immortal  
  79  21:11  Archon  
  79  21:12  Archon x3  
  79  21:16  Void Ray x2 (Chrono Boost)  
  77  21:34  Zealot  
  77  21:35  Zealot x4  
  77  21:36  Zealot x3  
  77  21:37  Zealot  
  95  21:47  Nexus  
  95  21:52  Void Ray x2  
  103  22:04  Nexus  
  103  22:09  Dark Shrine  
  91  22:28  High Templar x3  
  91  22:29  High Templar x6  
  103  22:44  Archon x3  
  103  22:45  Archon  
  103  22:54  Void Ray  
  103  22:55  Void Ray  
  111  23:23  Probe x2  
  111  23:24  Probe x2  
  115  23:39  Dark Templar x4  
  115  23:40  Dark Templar  
  125  23:43  Assimilator  
  125  23:49  Assimilator  
  123  23:57  Tempest (Chrono Boost)  
  125  24:29  Carrier (Chrono Boost)  
  127  24:44  Carrier (Chrono Boost)  
  131  25:00  Stargate  
  131  25:01  Stargate  
  131  25:07  Zealot  
  131  25:08  Zealot x4  
  131  25:09  Zealot  
  131  25:10  Zealot x3  
  149  25:15  Observer  
  150  25:36  Observer  
  150  25:40  Protoss Shields Level 1, Protoss Air Weapons Level 1 (Chrono Boost)  
  150  25:41  Carrier  
  157  25:49  Graviton Catapult  
  157  25:55  Tempest x2  
  169  25:58  Observer  
  169  26:02  High Templar  
  172  26:29  Cybernetics Core  
  172  26:32  Carrier  
  178  26:36  Mothership  
  169  27:24  Nexus  
  169  27:25  Carrier x2  
  181  27:34  Protoss Air Armor Level 1 (Chrono Boost)  
  181  27:44  Pylon  
  181  27:47  Pylon  
  181  27:50  Pylon  
  135  28:07  Carrier  
Show
View Real Time Build Order
Export as new Build Order

ChorizoCrudo Zerg - Winner!

Build Orders: Pool First 

Get SALT Encoding   

  12  0:02  Drone  
  13  0:10  Drone  
  14  0:26  Extractor  
  13  0:30  Spawning Pool  
  13  0:32  Drone  
  13  0:37  Drone  
  14  0:46  Overlord  
  14  1:10  Drone  
  14  1:11  Drone x2  
  17  1:15  Evolution Chamber  
  16  1:28  Zergling x2  
  16  1:29  Metabolic Boost  
  18  1:40  Drone  
  19  1:53  Zergling x2  
  20  2:08  Hatchery  
  19  2:15  Hatchery  
  19  2:16  Drone x2  
  19  2:17  Zergling x2  
  22  2:40  Overlord x2  
  22  2:58  Queen  
  24  3:04  Zergling x4  
  26  3:09  Evolution Chamber  
  25  3:13  Zergling x2  
  26  3:26  Zergling x2  
  27  3:28  Queen  
  29  3:45  Zergling x8  
  33  3:49  Pneumatized Carapace  
  33  3:52  Zergling x2  
  34  3:58  Zergling x2  
  35  4:03  Zergling x2  
  35  4:04  Zergling x2  
  37  4:12  Roach Warren  
  37  4:17  Zergling x8  
  37  4:22  Queen  
  38  4:46  Drone x5  
  42  5:19  Zergling x2  
  42  5:20  Zergling x2  
  44  5:25  Overlord x4  
  44  5:26  Overlord  
  39  5:55  Drone x4  
  43  6:00  Extractor  
  43  6:01  Drone x2  
  45  6:11  Zergling x2  
  45  6:12  Zergling x2  
  46  7:04  Queen x2  
  44  7:18  Roach x3  
  43  7:46  Drone x3  
  43  7:47  Drone x3  
  38  8:08  Roach  
  38  8:09  Roach x5  
  50  8:17  Extractor  
  50  8:18  Lair, Extractor  
  48  8:25  Drone x4  
  52  8:30  Ravager x3  
  55  8:35  Roach x2  
  59  8:47  Ravager  
  59  8:54  Drone x5  
  64  9:01  Ravager  
  61  9:15  Roach x3  
  61  9:16  Roach x2  
  58  9:27  Roach x2  
  60  9:42  Roach x4  
  68  9:53  Drone x2  
  68  9:54  Drone x2  
  70  10:02  Roach x5  
  80  10:10  Drone  
  80  10:11  Drone x3  
  84  10:21  Roach  
  76  10:50  Drone x5  
  76  10:51  Drone x3  
  76  10:52  Hydralisk Den  
  83  11:00  Drone  
  84  11:09  Overlord x2  
  84  11:15  Hatchery  
  83  11:22  Overlord x2  
  83  11:28  Hydralisk x2  
  83  11:29  Hydralisk x2  
  91  11:33  Zerg Missile Weapons Level 1  
  91  11:40  Ravager  
  91  11:42  Ravager  
  91  11:47  Muscular Augments  
  93  11:48  Hydralisk x2  
  93  11:50  Hydralisk  
  99  12:07  Hydralisk x2  
  99  12:08  Hydralisk x2  
  107  12:21  Overlord x3  
  107  12:28  Hydralisk x3  
  113  12:39  Hydralisk x3  
  119  13:07  Hatchery  
  118  13:16  Evolution Chamber  
  118  13:18  Hydralisk x4  
  118  13:19  Hydralisk x2  
  82  13:55  Hydralisk  
  82  13:56  Hydralisk x4  
  89  14:04  Hydralisk  
  89  14:05  Hydralisk x4  
  97  14:11  Drone x4  
  97  14:15  Zerg Missile Weapons Level 2  
  101  14:18  Zerg Ground Armor Level 1  
  101  14:20  Drone  
  101  14:21  Drone  
  103  14:43  Hydralisk x5  
  103  14:44  Hydralisk  
  115  14:53  Drone x5  
  120  15:03  Hydralisk  
  120  15:04  Roach x2  
  120  15:06  Drone x2  
  128  15:48  Lurker Den  
  127  15:56  Drone  
  127  15:57  Drone x2  
  130  15:59  Extractor  
  130  16:00  Extractor  
  130  16:03  Overlord x2  
  130  16:04  Overlord x4  
  128  16:12  Hatchery  
  128  16:13  Zerg Ground Armor Level 2  
  127  16:35  Hydralisk x2  
  127  16:36  Hydralisk x7  
  143  16:46  Roach x4  
  143  16:47  Roach x4  
  143  17:13  Roach  
  143  17:14  Roach x3  
  151  17:23  Infestation Pit  
  151  17:24  Lurker x6  
  151  17:25  Lurker  
  151  17:26  Zergling x8  
  151  17:27  Zergling x12  
  163  18:20  Overseer x2  
  163  18:32  Drone x5  
  168  18:38  Hydralisk x3  
  168  18:39  Roach x4  
  182  18:45  Extractor  
  181  19:11  Hive  
  181  19:16  Drone x2  
  114  20:15  Hydralisk x4  
  114  20:16  Roach x2, Hydralisk x2  
  114  20:17  Roach x2, Hydralisk  
  136  20:22  Lurker x2  
  136  20:23  Lurker x8  
  146  20:30  Hydralisk x2  
  146  20:31  Hydralisk x8  
  146  20:33  Queen  
  168  20:50  Hydralisk x3  
  168  20:51  Hydralisk x2  
  152  21:06  Drone x4  
  152  21:07  Drone x3  
  134  21:36  Hydralisk x3  
  134  21:37  Viper  
  143  21:54  Extractor  
  140  22:05  Hatchery  
  126  22:29  Zerg Missile Weapons Level 3  
  126  22:30  Zerg Ground Armor Level 3  
  126  22:35  Roach x6  
  126  22:36  Roach x2, Queen  
  144  22:37  Queen  
  146  22:51  Hydralisk x2  
  146  22:52  Hydralisk x4  
  158  23:21  Extractor  
  158  23:22  Extractor  
  156  23:42  Spine Crawler  
  156  23:46  Spine Crawler  
  154  24:05  Overseer x2  
  154  24:06  Overseer  
  153  24:33  Queen  
  155  24:53  Queen  
  155  24:57  Spore Crawler  
  156  25:16  Spore Crawler  
  156  25:17  Spine Crawler  
  156  25:18  Spine Crawler  
  156  25:20  Spine Crawler  
  152  25:27  Ultralisk Cavern  
  151  25:36  Spine Crawler  
  151  25:38  Spore Crawler  
  151  25:41  Spore Crawler  
  148  25:43  Spine Crawler  
  148  25:49  Overlord x3  
  147  25:51  Hydralisk x6  
  147  25:52  Hydralisk x2  
  147  25:53  Roach x4  
  147  25:54  Roach x3  
  147  25:55  Zerg Melee Weapons Level 1  
  177  26:03  Zergling x4  
  177  26:04  Zergling x10  
  184  27:06  Hydralisk x4  
  184  27:07  Hydralisk  
  194  27:15  Ultralisk  
  200  27:36  Hatchery  
  170  28:01  Hydralisk  
  170  28:02  Hydralisk x7  
  170  28:03  Hydralisk x19  
  170  28:04  Hydralisk  
  196  28:11  Ultralisk  
  196  28:12  Hydralisk x2  
  190  28:40  Hydralisk  
  190  28:41  Hydralisk x4  
  176  28:44  Hydralisk x4  
  176  28:45  Hydralisk x3  
  176  28:46  Hydralisk  
  176  28:47  Overlord  
  176  28:48  Overlord x2  
  184  28:57  Hydralisk  
  184  28:58  Hydralisk x5  
  196  29:08  Overlord x3  
  195  29:10  Queen  
  195  29:15  Queen  
  189  29:19  Hydralisk x4  
  189  29:20  Hydralisk  
  193  29:28  Hydralisk x2  
  193  29:29  Hydralisk x3  
Tags
 
Add a new tag
Caveats
  • Supply blocks, unpowered buildings, or Contaminate may cause inaccurate times.
  • Supply counts are checked every 10 seconds.